 Dungeon Crawl Stone Soup version 0.29.0-4-gdea44cf6ec (webtiles) character file.

Game seed: 15246269084014288368

3327 qw the Cleaver (level 9, -3/80 HPs)
             Began as a Minotaur Fighter on Sept 8, 2022.
             Was an Initiate of Ru.
             Engulfed by a cloud of flame (29 damage)
             ... on level 7 of the Dungeon.
             The game lasted 00:03:33 (8551 turns).

qw the Cleaver (Minotaur Fighter)                   Turns: 8551, Time: 00:03:33

Health: -3/80      AC: 20    Str: 24    XL:     9   Next: 71%
Magic:  8/8        EV:  8    Int:  5    God:    Ru [......]
Gold:   395        SH:  5    Dex: 13    Spells: 8/8 levels left

rFire   . . .      SeeInvis .   Y - +1 war axe
rCold   . . .      Faith    .   o - +0 buckler of Witor {Fly rCorr Dex-2}
rNeg    . . .      Spirit   .   j - +0 plate armour
rPois   .          Reflect  .   (helmet restricted)
rElec   .          Harm     .   e - +2 cloak of Patience {+Blink Dex+4 Slay+2}
rCorr   +          Rampage  .   b - +0 pair of gloves
Will    .....                   p - +2 pair of boots
Stlth   ..........              (no amulet)
HPRegen 0.23/turn               (no ring)
MPRegen 0.11/turn               (no ring)

@: flying
A: horns 2, no stealth, retaliatory headbutt
a: Renounce Religion, Evoke Blink


You were on level 7 of the Dungeon.
You worshipped Ru.
Ru was noncommittal.
You visited 1 branch of the dungeon, and saw 7 of its levels.

You collected 395 gold pieces.


Innate Abilities, Weirdness & Mutations

You have a pair of horns on your head.
You cannot be stealthy.
You reflexively headbutt those who attack you in melee.


   Skills:
 - Level 7.7 Fighting
 - Level 12.6 Axes
 + Level 6.4 Armour
 - Level 5.5 Dodging
 - Level 4.0 Shields


You had 8 spell levels left.
You didn't know any spells.
Your spell library was empty.

Inventory:

Hand Weapons
 f - a +2 hand axe of flaming
 Y - a +1 war axe (weapon)
Armour
 b - a +0 pair of gloves (worn)
 c - a +0 buckler
 e - the +2 cloak of Patience (worn) {+Blink Dex+4 Slay+2}
   (You acquired it on level 4 of the Dungeon)

   Dex:       It affects your dexterity (+4).
   Slay:      It affects your accuracy & damage with ranged weapons and melee
   (+2).
   +Blink:    It lets you blink.
 j - a +0 plate armour (worn)
 o - the +0 buckler of Witor (worn) {Fly rCorr Dex-2}
   (You found it on level 6 of the Dungeon)

   Dex:       It affects your dexterity (-2).
   Fly:       It grants you flight.
   rCorr:     It protects you from acid and corrosion.
 p - a +2 pair of boots (worn)
Scrolls
 a - a scroll of identify
Potions
 d - a potion of might
 g - 2 potions of haste
 h - 3 potions of mutation
 i - a potion of resistance
 k - 2 potions of heal wounds
 l - 2 potions of curing
 n - a potion of cancellation {unknown}

Dungeon Overview and Level Annotations

Branches:
Dungeon (7/15)
 Temple: D:4-7

Altars:
Ashenzari
Elyvilon
Gozag
Hepliaklqana
Kikubaaqudgha
Nemelex Xobeh
Qazlal
Ru
Trog
Vehumet
Xom

Shops:
D:3 [   D:7 :


Message History

You start waiting.
Your hearing returns.
Done waiting.
You're in a travel-excluded area, stopping explore.
You're in a travel-excluded area, stopping explore.
8113 ||| Stepping randomly (stuck).
You are engulfed in blazing flames.
You're standing in a cloud of flame!
You are engulfed in blazing flames.
You start resting.
You are engulfed in blazing flames.
You're standing in a cloud of flame!
You are engulfed in blazing flames.
You start resting.
You are engulfed in blazing flames.
You're standing in a cloud of flame!
You are engulfed in blazing flames.
You start resting.
You are engulfed in blazing flames.
You're standing in a cloud of flame!
You are engulfed in blazing flames.
You're standing in a cloud of flame!
You are engulfed in blazing flames.
You start resting.
You are engulfed in blazing flames.
You're standing in a cloud of flame!
You are engulfed in blazing flames.
You start resting.
You are engulfed in blazing flames.
You're standing in a cloud of flame!
You are engulfed in blazing flames.
You're standing in a cloud of flame!
You are engulfed in blazing flames.
You start resting.
You are engulfed in blazing flames.
You're standing in a cloud of flame!
You are engulfed in blazing flames.
You start resting.
You are engulfed in blazing flames.
You die...

#.......... #.# #.#
##.######## #.# #.# #.#
################ ##.#
#.............0 ...#
#..0.....0....0 #####.#
#..0....0...0.. # #.#
#..........0... # #.#
#......00...... # #.#
##......@....... #
#.###8.............. #
#.#................. #
#.#.#8..............
#####.#.##..............
.........#.0............
......####0.0.......00.0
.........#.000...0..0..0
##########...00..0..0..


There were no monsters in sight!

Vanquished Creatures
  Pikel (D:5)
  A troll (D:7)
  Grinder (D:3)
  Edmund (D:6)
  A water moccasin (D:6)
  An ice beast (D:6)
  2 black bears (D:5)
  A sky beast (D:6)
  A centaur (D:7)
  3 ogres
  A phantom (D:4)
  2 kobold brigands
  2 bullfrogs
  A necrophage (D:6)
  6 scorpions
  3 howler monkeys
  2 hounds
  A jelly (D:4)
  3 orc priests
  3 iguanas
  5 orc wizards
  3 gnolls (D:6)
  12 adders
  6 white imps
  An ufetubus (D:5)
  A worm (D:2)
  3 dart slugs
  13 orcs
  6 bats
  8 endoplasms
  4 giant cockroaches
  8 goblins
  3 hobgoblins
  2 jackals (D:2)
  11 kobolds
  3 quokkas
  9 ball pythons
  A frilled lizard (D:1)
  7 rats
143 creatures vanquished.

Notes
Turn   | Place    | Note
-------+----------+-------------------------------------------
     0 | D:1      | qw the Minotaur Fighter began the quest for the Orb.
     0 | D:1      | Reached XP level 1. HP: 19/19 MP: 0/0
     0 | D:1      | 0 ||| qw: Version: 0.1-a-112-g44dc6cd
     0 | D:1      | 0 ||| qw: Game counter: 6689
     0 | D:1      | 0 ||| qw: Always use a shield: true
     0 | D:1      | 0 ||| qw: God list: Ru
     0 | D:1      | 0 ||| qw: Allow faded altars: false
     0 | D:1      | 0 ||| qw: Do Orc after D:15 true
     0 | D:1      | 0 ||| qw: Do second Lair branch before Depths: true
     0 | D:1      | 0 ||| qw: Lair rune preference: random
     0 | D:1      | 0 ||| qw: Plans: Normal
     0 | D:1      | 0 ||| PLANNING D:1-11
    79 | D:1      | 79 ||| Stepping ~*~*~tactically~*~*~ (hiding).
    87 | D:1      | Reached skill level 3 in Axes
   205 | D:1      | Reached XP level 2. HP: 25/26 MP: 1/1
   480 | D:1      | 480 ||| Stepping ~*~*~tactically~*~*~ (hiding).
   555 | D:1      | Reached skill level 4 in Axes
   659 | D:1      | Found a faded altar of an unknown god.
   848 | D:1      | Reached XP level 3. HP: 31/31 MP: 2/2
   897 | D:1      | 897 ||| READING 4 scrolls labelled QOET XUQEIRPHA.
   898 | D:1      | 898 ||| READING scroll labelled VOYNOZOAGGY.
   899 | D:1      | 899 ||| READING scroll labelled FUSHRI KUASIJUCS.
   900 | D:1      | 900 ||| READING 3 scrolls of identify.
   900 | D:1      | 900 ||| IDENTIFYING viscous yellow potion
   901 | D:1      | 901 ||| READING 2 scrolls of identify.
   901 | D:1      | 901 ||| IDENTIFYING smoky blue potion
   979 | D:2      | 979 ||| Stepping ~*~*~tactically~*~*~ (stealth).
  1071 | D:2      | 1071 ||| DROPPING +0 club.
  1317 | D:2      | 1317 ||| Stepping ~*~*~tactically~*~*~ (stealth).
  1324 | D:2      | Reached skill level 5 in Axes
  1395 | D:2      | Reached skill level 1 in Dodging
  1414 | D:2      | Reached XP level 4. HP: 39/39 MP: 3/3
  1651 | D:2      | 1651 ||| READING 3 scrolls of identify.
  1651 | D:2      | 1651 ||| IDENTIFYING black potion
  1652 | D:2      | 1652 ||| READING 2 scrolls of identify.
  1652 | D:2      | 1652 ||| IDENTIFYING fizzy yellow potion
  1653 | D:2      | 1653 ||| DROPPING potion of lignification.
  1762 | D:3      | Found Igemerre's Armour Emporium.
  1765 | D:3      | 1765 ||| SHOPLISTING +0 scale mail of poison resistance (96
                  | gold, have 84).
  1765 | D:3      | 1765 ||| SHOPLISTING +1 pair of boots of flying (198 gold,
                  | have 84).
  1765 | D:3      | 1765 ||| SHOPLISTING +2 plate armour of cold resistance
                  | (480 gold, have 84).
  1765 | D:3      | 1765 ||| SHOPLISTING +3 chain mail "Ryom" {Fly rF+ Dex-4}
                  | (326 gold, have 84).
  1797 | D:3      | 1797 ||| Stepping ~*~*~tactically~*~*~ (stealth).
  1798 | D:3      | 1798 ||| Stepping ~*~*~tactically~*~*~ (stealth).
  1800 | D:3      | 1800 ||| Stepping ~*~*~tactically~*~*~ (hiding).
  1802 | D:3      | 1802 ||| Stepping ~*~*~tactically~*~*~ (hiding).
  1851 | D:3      | Found a hazy altar of Hepliaklqana.
  1907 | D:3      | 1907 ||| Stepping ~*~*~tactically~*~*~ (hiding).
  1908 | D:3      | 1908 ||| Stepping ~*~*~tactically~*~*~ (hiding).
  1919 | D:3      | Reached skill level 6 in Axes
  1924 | D:3      | 1924 ||| FLEEEEING.
  1925 | D:3      | 1925 ||| FLEEEEING.
  1925 | D:3      | HP: 8/39 [something/magic dart (8)]
  1929 | D:3      | 1929 ||| FLEEEEING.
  1930 | D:3      | 1930 ||| FLEEEEING.
  1931 | D:3      | 1931 ||| FLEEEEING.
  1933 | D:3      | 1933 ||| FLEEEEING.
  1938 | D:3      | 1938 ||| STAIRDANCE
  2158 | D:2      | 2158 ||| READING scroll labelled WOZOIX BOVUGUY.
  2159 | D:2      | 2159 ||| DRINKING 2 fuming black potions.
  2165 | D:3      | 2165 ||| Stepping ~*~*~tactically~*~*~ (hiding).
  2167 | D:3      | 2167 ||| STAIRDANCE
  2274 | D:2      | 2274 ||| UPGRADING to +0 chain mail.
  2284 | D:2      | 2284 ||| DROPPING +0 scale mail.
  2288 | D:3      | 2288 ||| Stepping ~*~*~tactically~*~*~ (hiding).
  2295 | D:3      | Reached XP level 5. HP: 45/45 MP: 4/4
  2458 | D:3      | Found a shimmering altar of Xom.
  2540 | D:3      | 2540 ||| STAIRDANCE
  2570 | D:2      | 2570 ||| UPGRADING to +0 pair of gloves.
  2626 | D:3      | Noticed Grinder
  2628 | D:3      | Paralysed by Grinder for 2 turns
  2636 | D:3      | Paralysed by Grinder for 4 turns
  2640 | D:3      | Killed Grinder
  2641 | D:3      | Reached skill level 8 in Axes
  2641 | D:3      | Reached XP level 6. HP: 21/51 MP: 5/5
  2994 | D:3      | 2994 ||| DROPPING +1 ring mail of positive energy.
  2995 | D:3      | 2995 ||| DRINKING 3 blue potions.
  2996 | D:3      | 2996 ||| DRINKING 2 fuming golden potions.
  2997 | D:3      | 2997 ||| DROPPING 2 potions of attraction.
  2998 | D:3      | 2998 ||| DROPPING potion of brilliance.
  3107 | D:4      | 3107 ||| DRINKING potion of curing.
  3107 | D:4      | 3107 ||| (to cure confusion)
  3264 | D:4      | 3264 ||| FLEEEEING.
  3265 | D:4      | 3265 ||| FLEEEEING.
  3266 | D:4      | 3266 ||| FLEEEEING.
  3274 | D:4      | 3274 ||| FLEEEEING.
  3275 | D:4      | 3275 ||| FLEEEEING.
  3281 | D:4      | 3281 ||| FLEEEEING.
  3282 | D:4      | 3282 ||| FLEEEEING.
  3292 | D:4      | 3292 ||| FLEEEEING.
  3293 | D:4      | 3293 ||| FLEEEEING.
  3294 | D:4      | 3294 ||| FLEEEEING.
  3295 | D:4      | 3295 ||| FLEEEEING.
  3296 | D:4      | 3296 ||| FLEEEEING.
  3297 | D:4      | 3297 ||| FLEEEEING.
  3298 | D:4      | 3298 ||| FLEEEEING.
  3299 | D:4      | 3299 ||| FLEEEEING.
  3300 | D:4      | 3300 ||| STAIRDANCE
  3427 | D:3      | 3427 ||| UPGRADING to +0 plate armour.
  3437 | D:3      | 3437 ||| DROPPING +0 chain mail.
  3438 | D:3      | 3438 ||| READING scroll labelled EPUIZI QUPTEUPT.
  3496 | D:4      | Found an opulent altar of Gozag.
  3564 | D:4      | Reached skill level 9 in Axes
  3564 | D:4      | Reached XP level 7. HP: 56/60 MP: 6/6
  3644 | D:4      | 3644 ||| DROPPING +0 mace.
  3696 | D:4      | Found a sparkling altar of Nemelex Xobeh.
  3951 | D:4      | Found a bloodstained altar of Trog.
  4078 | D:4      | 4078 ||| Stepping ~*~*~tactically~*~*~ (stealth).
  4083 | D:4      | 4083 ||| Stepping ~*~*~tactically~*~*~ (stealth).
  4085 | D:4      | 4085 ||| Stepping ~*~*~tactically~*~*~ (hiding).
  4127 | D:4      | 4127 ||| Stepping ~*~*~tactically~*~*~ (stealth).
  4366 | D:4      | Reached skill level 10 in Axes
  4388 | D:4      | 4388 ||| READING scroll labelled CIERYE JEIQU.
  4388 | D:4      | Identified a scroll of acquirement
  4388 | D:4      | 4388 ||| ACQUIRING +2 cloak of Patience {+Blink Dex+4
                  | Slay+2}
  4388 | D:4      | Acquired the +2 cloak of Patience {+Blink Dex+4 Slay+2}
  4390 | D:4      | 4390 ||| UPGRADING to +2 cloak of Patience {+Blink Dex+4
                  | Slay+2}.
  4395 | D:4      | 4395 ||| DRINKING 2 clear potions.
  4496 | D:4      | 4496 ||| DROPPING potion of ambrosia.
  4517 | D:5      | Entered Level 5 of the Dungeon
  4595 | D:5      | Noticed Pikel
  4598 | D:5      | 4598 ||| Stepping ~*~*~tactically~*~*~ (stealth).
  4616 | D:5      | Killed Pikel
  4617 | D:5      | Reached XP level 8. HP: 44/68 MP: 7/7
  4769 | D:5      | Found a sacrificial altar of Ru.
  4770 | D:5      | 4770 ||| READING scroll labelled PAOCKOALOPT.
  4771 | D:5      | 4771 ||| Stepping randomly (stuck).
  4778 | D:5      | 4778 ||| Stepping ~*~*~tactically~*~*~ (stealth).
  4809 | D:5      | 4809 ||| Stepping randomly (stuck).
  4811 | D:5      | 4811 ||| Stepping randomly (stuck).
  4812 | D:5      | 4812 ||| Stepping randomly (stuck).
  4813 | D:5      | 4813 ||| Stepping randomly (stuck).
  4815 | D:5      | 4815 ||| Stepping randomly (stuck).
  4817 | D:5      | 4817 ||| Stepping randomly (stuck).
  4819 | D:5      | 4819 ||| Stepping randomly (stuck).
  4821 | D:5      | 4821 ||| Stepping randomly (stuck).
  4823 | D:5      | 4823 ||| Stepping randomly (stuck).
  4825 | D:5      | 4825 ||| Stepping randomly (stuck).
  4826 | D:5      | 4826 ||| Stepping randomly (stuck).
  4827 | D:5      | 4827 ||| Stepping randomly (stuck).
  4828 | D:5      | 4828 ||| Stepping randomly (stuck).
  4830 | D:5      | 4830 ||| Stepping randomly (stuck).
  4831 | D:5      | 4831 ||| Stepping randomly (stuck).
  4832 | D:5      | 4832 ||| Stepping ~*~*~tactically~*~*~ (stealth).
  4841 | D:5      | 4841 ||| Stepping randomly (stuck).
  4842 | D:5      | 4842 ||| Stepping randomly (stuck).
  4843 | D:5      | 4843 ||| Stepping randomly (stuck).
  4844 | D:5      | 4844 ||| Stepping randomly (stuck).
  4845 | D:5      | 4845 ||| Stepping randomly (stuck).
  4846 | D:5      | 4846 ||| Stepping randomly (stuck).
  4848 | D:5      | 4848 ||| Stepping randomly (stuck).
  4849 | D:5      | 4849 ||| Stepping randomly (stuck).
  4850 | D:5      | 4850 ||| Stepping randomly (stuck).
  4851 | D:5      | 4851 ||| Stepping randomly (stuck).
  4852 | D:5      | 4852 ||| Stepping randomly (stuck).
  4853 | D:5      | 4853 ||| Stepping randomly (stuck).
  4854 | D:5      | 4854 ||| Stepping randomly (stuck).
  4855 | D:5      | 4855 ||| Stepping randomly (stuck).
  4856 | D:5      | 4856 ||| Stepping randomly (stuck).
  4857 | D:5      | 4857 ||| Stepping randomly (stuck).
  4858 | D:5      | 4858 ||| Stepping randomly (stuck).
  4860 | D:5      | 4860 ||| Stepping randomly (stuck).
  4861 | D:5      | 4861 ||| Stepping randomly (stuck).
  4862 | D:5      | 4862 ||| Stepping randomly (stuck).
  4863 | D:5      | 4863 ||| Stepping randomly (stuck).
  4864 | D:5      | 4864 ||| Stepping randomly (stuck).
  4865 | D:5      | 4865 ||| Stepping randomly (stuck).
  4866 | D:5      | 4866 ||| Stepping randomly (stuck).
  4867 | D:5      | 4867 ||| Stepping randomly (stuck).
  4868 | D:5      | 4868 ||| Stepping randomly (stuck).
  4869 | D:5      | 4869 ||| Stepping randomly (stuck).
  4870 | D:5      | 4870 ||| Stepping randomly (stuck).
  4871 | D:5      | 4871 ||| Stepping randomly (stuck).
  4872 | D:5      | 4872 ||| Stepping randomly (stuck).
  4873 | D:5      | 4873 ||| Stepping randomly (stuck).
  4874 | D:5      | 4874 ||| Stepping randomly (stuck).
  4875 | D:5      | 4875 ||| Stepping randomly (stuck).
  4876 | D:5      | 4876 ||| Stepping randomly (stuck).
  4877 | D:5      | 4877 ||| Stepping randomly (stuck).
  4878 | D:5      | 4878 ||| Stepping randomly (stuck).
  4879 | D:5      | 4879 ||| Stepping randomly (stuck).
  4880 | D:5      | 4880 ||| Stepping randomly (stuck).
  4900 | D:5      | 4900 ||| FLEEEEING.
  4992 | D:5      | 4992 ||| Stepping ~*~*~tactically~*~*~ (hiding).
  5276 | D:5      | Became a worshipper of Ru the Awakened
  5329 | D:5      | Identified the +7 sling of Uskayaw's Benevolence {flame,
                  | MP-9 Dex+3 Stlth+}
  5347 | D:5      | Reached skill level 6 in Fighting
  5444 | D:5      | Found a white marble altar of Elyvilon.
  5445 | D:5      | 5445 ||| Stepping ~*~*~tactically~*~*~ (stealth).
  5449 | D:5      | 5449 ||| Stepping ~*~*~tactically~*~*~ (stealth).
  5716 | D:5      | 5716 ||| READING scroll labelled DUUTOYCZOM.
  5717 | D:5      | 5717 ||| READING scroll labelled HILLEO VUWN.
  5718 | D:5      | 5718 ||| READING 3 scrolls of identify.
  5718 | D:5      | 5718 ||| IDENTIFYING grey potion
  5719 | D:5      | 5719 ||| READING 2 scrolls of identify.
  5719 | D:5      | 5719 ||| IDENTIFYING coppery potion
  5720 | D:5      | 5720 ||| DROPPING potion of flight.
  5768 | D:6      | 5768 ||| Stepping ~*~*~tactically~*~*~ (stealth).
  5769 | D:6      | 5769 ||| Stepping ~*~*~tactically~*~*~ (stealth).
  5770 | D:6      | 5770 ||| Stepping ~*~*~tactically~*~*~ (stealth).
  5771 | D:6      | 5771 ||| Stepping ~*~*~tactically~*~*~ (stealth).
  5849 | D:6      | Found an ancient bone altar of Kikubaaqudgha.
  5900 | D:6      | Noticed Edmund
  5902 | D:6      | Reached XP level 9. HP: 75/75 MP: 8/8
  5907 | D:6      | Killed Edmund
  5908 | D:6      | Reached skill level 11 in Axes
  6167 | D:6      | 6167 ||| Stepping ~*~*~tactically~*~*~ (stealth).
  6210 | D:6      | Found a stormy altar of Qazlal.
  6287 | D:6      | Found a broken altar of Ashenzari.
  6289 | D:6      | 6289 ||| Stepping ~*~*~tactically~*~*~ (stealth).
  6295 | D:6      | Reached skill level 12 in Axes
  6319 | D:6      | 6319 ||| Stepping ~*~*~tactically~*~*~ (stealth).
  6586 | D:6      | 6586 ||| INVOKING Sacrifice Stealth.
  6586 | D:6      | Gained mutation: You cannot be stealthy. [Ru sacrifice]
  6670 | D:6      | Reached skill level 6 in Armour
  6779 | D:6      | Identified the +0 buckler of Witor {Fly rCorr Dex-2}
  6809 | D:6      | 6809 ||| Stepping ~*~*~tactically~*~*~ (hiding).
  7038 | D:6      | 7038 ||| UPGRADING to +0 buckler of Witor {Fly rCorr
                  | Dex-2}.
  7048 | D:6      | 7048 ||| READING scroll labelled JUUVIS QAUVU.
  7163 | D:7      | Noticed a troll
  7168 | D:7      | Killed a troll
  7366 | D:7      | Found the +3 giant club "Skullcrusher" {speed, Str+7}
  7452 | D:7      | 7452 ||| Stepping ~*~*~tactically~*~*~ (stealth).
  7473 | D:7      | 7473 ||| Stepping ~*~*~tactically~*~*~ (stealth).
  7488 | D:7      | Found a radiant altar of Vehumet.
  7617 | D:7      | 7617 ||| Stepping ~*~*~tactically~*~*~ (cloud).
  7618 | D:7      | 7618 ||| STAIRDANCE
  7658 | D:6      | 7658 ||| UPGRADING to +2 pair of boots.
  7663 | D:6      | 7663 ||| READING scroll labelled FAAFIP OV XUTH.
  7843 | D:7      | Found Panox's Book Shop.
  8012 | D:7      | 8012 ||| READING scroll labelled ZYKHLE EXTIGA.
  8113 | D:7      | 8113 ||| Stepping randomly (stuck).
  8437 | D:7      | HP: 16/80 [something (20)]
  8516 | D:7      | HP: 18/80 [something (7)]
  8551 | D:7      | Engulfed by a cloud of flame

Levels and vault maps discovered:
D:1:      psy_arrival_terrarium, layout_basic,
          shapermc_ecumenical_altar_totnotflames, minmay_crystal_water
D:2:      layout_basic
D:3:      layout_basic, xom_teletrap_fun, worldfamousw_hep_ancestral_shrine,
          serial_shops, nicolae_shop_behind_doors, serial_park_tiny_pond,
          minmay_surrounded, uniq_grinder
D:4:      layout_gridville, grunt_gozag_statues,
          mainiacjoe_overflow_cross_hatched, mainiacjoe_overflow_alcove_4
D:5:      layout_loops_ring, mainiacjoe_overflow_brackets, elyvilon_altar_3,
          nrook_pool_corridor, kennysheep_generic_room_4, uniq_pikel
D:6:      layout_loops_corners, mainiacjoe_overflow_24_doors,
          grunt_qazlal_clouds, ashenzari_conservatory_becter, eino_tiny_chamber,
          uniq_edmund
D:7:      layout_loops_ring, general_overflow_altar, lemuel_temple_firewalk_a,
          serial_shops, kennysheep_mini_moat, st_stairs_8

Skill      XL: |  1  2  3  4  5  6  7  8  9 |
---------------+----------------------------+-----
Axes           | 3 4 5 6 8 9 10 12 | 12.6
Dodging        | 1 5 |  5.5
Fighting       | 4 5 6 7 |  7.7
Armour         | 4 5 6 |  6.4
Shields        | 4 |  4.0

Action                   |  1- 3 |  4- 6 |  7- 9 || total
-------------------------+-------+-------+-------++-------
Melee: War axe           |    69 |    75 |   219 ||   363
       Headbutt          |     6 |     6 |    37 ||    49
Invok: Sacrifice Stealth |       |       |     1 ||     1
  Use: Scroll            |     5 |     4 |     9 ||    18
       Potion            |       |     4 |     1 ||     5
Armor: Scale mail        |    18 |     7 |       ||    25
       Chain mail        |       |    15 |       ||    15
       Plate armour      |       |     3 |    96 ||    99
Dodge: Dodged            |    28 |    13 |    32 ||    73
Block: Buckler           |    15 |    18 |    43 ||    76

Table legend:
 A = Non-vault XP
 B = Vault XP
 C = Vault XP percentage of total XP
 D = Non-vault monster count
 E = Vault monster count
 F = Vault count percentage of total count
                 A         B        C        D         E       F
            +---------+---------+-------+---------+---------+-------
      Total |    3627 |    1127 |  23.7 |     136 |       7 |   4.9
            +---------+---------+-------+---------+---------+-------
        D:1 |      41 |       0 |   0.0 |      22 |       0 |   0.0
        D:2 |      66 |       0 |   0.0 |      24 |       0 |   0.0
        D:3 |     122 |     308 |  71.6 |      16 |       3 |  15.8
        D:4 |     763 |       0 |   0.0 |      20 |       0 |   0.0
        D:5 |     711 |     643 |  47.5 |      21 |       2 |   8.7
        D:6 |    1097 |     173 |  13.6 |      22 |       1 |   4.3
        D:7 |     827 |       3 |   0.4 |      11 |       1 |   8.3
            +---------+---------+-------+---------+---------+-------
